 Dungeon Sprint DCSS version 0.21-a0-349-g0c35859 (webtiles) character file.

1988 Kidiri the Fighter (level 9, -5/89 HPs)
             Began as a Purple Draconian Gladiator on Oct 7, 2017.
             Was a Priest of Trog.
             Slain by a slime creature (19 damage)
             ... in the Dungeon (Sprint IX: "|||||||||||||||||||||||||||||").
             The game lasted 00:02:48 (477 turns).

Kidiri the Fighter (Purple Draconian Gladiator)      Turns: 477, Time: 00:02:49

Health: -5/89      AC:  8    Str: 19    XL:     9   Next: 1%
Magic:  9/9        EV: 20    Int: 10    God:    Trog [***...]
Gold:   0          SH:  0    Dex: 18    Spells: 8/8 levels left

rFire    . . .     SeeInvis .   a - +2 halberd (venom)
rCold    . . .     Gourm    .   (shield currently unavailable)
rNeg     . . .     Faith    .   (armour unavailable)
rPois    .         Spirit   .   b - +0 hat
rElec    .         Reflect  .   (no cloak)
rCorr    .         Harm     .   (no gloves)
MR       +....     NoTele   +   n - +0 pair of boots
Stlth    ++........             (no amulet)
HPRegen  0.24/turn              o - +3 ring of dexterity
MPRegen  0.11/turn              p - +3 ring of dexterity

@: lethally poisoned (-5 -> -5), barbed spikes, berserk cooldown, slowed, very
slow
A: breathe power, unfitting armour, cold-blooded, AC +7
a: Breathe Dispelling Energy, Berserk, Trog's Hand, Burn Spellbooks, Renounce
Religion


You were in the Dungeon.
You worshipped Trog.
Trog was most pleased with you.
You were hungry.

You visited 1 branch

Inventory:

Hand Weapons
 a - a +2 halberd of venom (weapon)
Missiles
 c - a throwing net (quivered)
Armour
 b - a +0 hat (worn)
 n - a +0 pair of boots (worn)
Jewellery
 o - a +3 ring of dexterity (left hand)
 p - a +3 ring of dexterity (right hand)
Wands
 m - a wand of acid (7/15)
Scrolls
 j - 2 scrolls of blinking
 l - 3 scrolls of remove curse
Potions
 e - 5 potions of curing
 f - 3 potions of heal wounds
 g - a potion of haste
 h - 4 potions of magic
 i - a potion of invisibility
Comestibles
 d - a bread ration
 k - 12 chunks of flesh


   Skills:
 * Level 11.2 Fighting
 * Level 10.6 Polearms
 * Level 9.6 Throwing
 * Level 9.8 Dodging


You had 8 spell levels left.
You didn't know any spells.

Dungeon Overview and Level Annotations

Branches:
Dungeon (1/1)

Altars:
Cheibriados
Dithmenos
Elyvilon
Fedhas
Gozag
Hepliaklqana
Kikubaaqudgha
Makhleb
Nemelex Xobeh
Okawaru
Qazlal
Ru
Sif Muna
Trog
Uskayaw
Vehumet
Wu Jian
Xom
Yredelemnul
Zin
The Shining One
Beogh
Jiyva
Lugonu


Innate Abilities, Weirdness & Mutations

You can breathe bolts of dispelling energy.
Your rich purple scales are hard. (AC +7)
You cannot fit into any form of body armour.
You are cold-blooded and may be slowed by cold attacks.


Message History

You completely miss the slime creature. You tail-slap the slime creature!
The slime creature is moderately wounded.
The slime creature barely misses you. The slime creature hits you!
* * * LOW HITPOINT WARNING * * *
You hit the slime creature.
You tail-slap the slime creature, but do no damage.
The slime creature is heavily wounded.
You feel sick. The slime creature barely misses you.
Unknown command.
You barely miss the slime creature.
The slime creature is heavily wounded.
The slime creature closely misses you. The slime creature hits you.
* * * LOW HITPOINT WARNING * * *
Unknown command.
You slash the slime creature!
The slime creature looks as sick as possible!
You tail-slap the slime creature.
The slime creature is severely wounded.
You feel sick. The slime creature hits you!!
You die... ▓▓▓▓▓▓▓▓▓▓▓▓▓▓▓▓▓▓▓▓▓▓▓▓ .?|)[.[..÷).....@J.....+ ▓▓▓▓▓▓▓▓▓▓▓▓▓▓▓▓▓▓▓▓▓▓▓▓

You could see a slime creature.

Vanquished Creatures
  A two-headed ogre (D)
  2 manticores (D)
  A hornet (D)
  An ice beast (D)
  2 black bears (D)
  2 crimson imps (D)
  An orc wizard (D)
  A worker ant (D)
  4 orcs (D)
  A ball python (D)
  A goblin (D)
  A hobgoblin (D)
  A kobold (D)
  A leopard gecko zombie (D)
  A rat (D)
21 creatures vanquished.

Notes
Turn   | Place    | Note
-------+----------+-------------------------------------------
     0 | D        | Kidiri the Draconian Gladiator began the quest for the Orb.
     0 | D        | Reached XP level 1. HP: 17/17 MP: 1/1
    30 | D        | Noticed a worker ant
    30 | D        | Noticed an ice beast
    30 | D        | Noticed a crimson imp
    30 | D        | Noticed an orc wizard
    35 | D        | Killed an orc wizard
    35 | D        | Reached skill level 4 in Fighting
    35 | D        | Reached XP level 2. HP: 22/27 MP: 2/2
    35 | D        | Reached XP level 3. HP: 27/33 MP: 3/3
    44 | D        | Killed an ice beast
    44 | D        | Reached skill level 6 in Fighting
    44 | D        | Reached skill level 5 in Polearms
    44 | D        | Reached skill level 5 in Dodging
    44 | D        | Reached XP level 4. HP: 13/44 MP: 4/4
    44 | D        | Reached XP level 5. HP: 15/50 MP: 5/5
    47 | D        | Reached skill level 5 in Throwing
    60 | D        | Found a roughly hewn altar of Beogh.
    60 | D        | Found a snail-covered altar of Cheibriados.
    60 | D        | Found a shadowy altar of Dithmenos.
    60 | D        | Found a white marble altar of Elyvilon.
    60 | D        | Found a blossoming altar of Fedhas.
    60 | D        | Found an opulent altar of Gozag.
    61 | D        | Found a hazy altar of Hepliaklqana.
    62 | D        | Found a viscous altar of Jiyva.
    63 | D        | Found an ancient bone altar of Kikubaaqudgha.
    64 | D        | Found a corrupted altar of Lugonu.
    65 | D        | Found a burning altar of Makhleb.
    66 | D        | Found a sparkling altar of Nemelex Xobeh.
    67 | D        | Found an iron altar of Okawaru.
    68 | D        | Found a stormy altar of Qazlal.
    69 | D        | Found a sacrificial altar of Ru.
    70 | D        | Found a deep blue altar of Sif Muna.
    71 | D        | Found a bloodstained altar of Trog.
    72 | D        | Found a hide-covered altar of Uskayaw.
    73 | D        | Found a radiant altar of Vehumet.
    74 | D        | Found an ornate altar of the Wu Jian Council.
    75 | D        | Found a shimmering altar of Xom.
    76 | D        | Found a basalt altar of Yredelemnul.
    77 | D        | Found a glowing silver altar of Zin.
    78 | D        | Found a glowing golden altar of the Shining One.
    79 | D        | Became a worshipper of Trog the Wrathful
   275 | D        | Noticed a black bear
   275 | D        | Noticed a black bear
   275 | D        | Noticed a two-headed ogre
   283 | D        | Killed a black bear
   283 | D        | Reached skill level 7 in Fighting
   283 | D        | Reached XP level 6. HP: 47/60 MP: 6/6
   285 | D        | Reached * piety under Trog
   285 | D        | Reached skill level 8 in Fighting
   292 | D        | Killed a two-headed ogre
   292 | D        | Reached skill level 9 in Fighting
   292 | D        | Your scales start taking on a rich purple colour.
   292 | D        | Reached XP level 7. HP: 54/71 MP: 7/7
   292 | D        | Reached XP level 8. HP: 60/79 MP: 8/8
   295 | D        | Reached ** piety under Trog
   454 | D        | Noticed a hornet
   454 | D        | Noticed a manticore
   454 | D        | Noticed a manticore
   454 | D        | Noticed a slime creature
   459 | D        | Paralysed by a hornet for 2 turns
   462 | D        | Killed a hornet
   462 | D        | Reached skill level 10 in Fighting
   468 | D        | Killed a manticore
   468 | D        | Reached skill level 10 in Polearms
   472 | D        | Killed a manticore
   472 | D        | Reached *** piety under Trog
   472 | D        | Reached skill level 11 in Fighting
   472 | D        | Reached XP level 9. HP: 32/89 MP: 9/9
   477 | D        | Slain by a slime creature

Vault maps used:
D:        linesprint

Skill      XL: |  1  2  3  4  5  6  7  8 |
---------------+-------------------------+-----
Throwing       | 3 4 6 8 9 |  9.6
Dodging        | 3 5 6 8 9 |  9.8
Fighting       | 4 6 7 9 11 | 11.2
Polearms       | 4 5 7 9 10 | 10.6

Action                   |  1- 3 |  4- 6 |  7- 9 || total
-------------------------+-------+-------+-------++-------
Melee: Trident           |    24 |     5 |       ||    29
       Tailslap          |     8 |     6 |     5 ||    19
       Halberd           |       |    15 |    19 ||    34
Throw: Throwing net      |     1 |     1 |       ||     2
Invok: Berserk           |       |     1 |     1 ||     2
 Abil: Breathe Dispellin |       |       |     1 ||     1
  Use: Potion            |     1 |       |       ||     1
Armor: Skin              |     5 |    12 |     1 ||    18
Dodge: Dodged            |    14 |    20 |    19 ||    53

Table legend:
 A = Spawn XP
 B = Non-spawn XP
 C = Spawn XP percentage of total XP
 D = Spawn monster count
 E = Non-spawn monster count
 F = Spawn count percentage of total count
 G = Total turns spent on level
                    A         B        C        D         E        F      G
               +---------+---------+-------+---------+---------+-------+---------
         Total |       0 |    2840 |   0.0 |       0 |      21 |   0.0 |   477
               +---------+---------+-------+---------+---------+-------+---------
             D |       0 |    2840 |   0.0 |       0 |      21 |   0.0 |   477
               +---------+---------+-------+---------+---------+-------+---------
